Map: Dusk Towers

Players

Miszu

  • Race: Terran Terran
  • League: Grandmaster

Clem - Winner!

  • Race: Terran Terran
  • League: Grandmaster

VOD

Have the link to the VOD?

Description

Time

  • Played on: Feb. 14, 2016, 9:05 a.m.
  • Length: 11:07
Show
View Real Time Build Order
Export as new Build Order

Miszu Terran 

Build Orders: Bio Tank 

Get SALT Encoding   

  12  0:01  SCV  
  13  0:13  SCV  
  14  0:18  Supply Depot  
  14  0:25  SCV  
  15  0:40  SCV  
  16  0:45  Barracks  
  16  0:48  Refinery  
  16  0:52  SCV  
  17  1:04  SCV  
  18  1:16  SCV  
  19  1:28  SCV  
  20  1:41  Barracks Reactor  
  20  1:42  Orbital Command  
  20  1:47  Command Center  
  20  1:58  Supply Depot  
  20  2:10  SCV  
  20  2:17  Marine x2  
  20  2:22  Factory, SCV  
  23  2:34  SCV  
  23  2:35  Marine x2  
  25  2:46  SCV  
  26  2:53  Marine  
  26  2:56  Marine  
  29  2:58  SCV  
  29  3:00  Refinery  
  29  3:07  Orbital Command  
  29  3:10  SCV  
  30  3:16  Starport  
  30  3:17  Factory Tech Lab  
  30  3:21  Marine x2  
  30  3:22  SCV  
  33  3:33  SCV  
  34  3:34  SCV  
  34  3:39  Supply Depot  
  38  3:44  Marine x2  
  38  3:45  SCV  
  38  3:46  SCV  
  42  3:57  SCV  
  42  3:58  Medivac, Widow Mine  
  42  3:59  SCV  
  42  4:01  Supply Depot  
  42  4:02  Marine  
  46  4:04  Marine  
  46  4:09  SCV  
  48  4:11  Supply Depot, SCV  
  49  4:19  Engineering Bay  
  49  4:20  Marine  
  49  4:21  SCV  
  49  4:23  SCV  
  52  4:35  SCV  
  52  4:36  SCV  
  54  4:40  Siege Tank, Command Center  
  57  4:47  SCV  
  57  4:48  SCV  
  57  4:49  Viking  
  61  4:54  Refinery  
  61  4:55  Refinery  
  61  4:58  Terran Infantry Weapons Level 1  
  61  4:59  SCV  
  62  5:00  SCV  
  63  5:11  SCV  
  64  5:26  SCV x2  
  64  5:27  Marine x2  
  58  5:31  Barracks  
  58  5:32  Barracks  
  58  5:33  Siege Tank  
  58  5:34  Barracks  
  58  5:35  Barracks  
  60  5:38  SCV  
  60  5:40  Starport Reactor  
  60  5:41  SCV  
  62  5:48  Marine  
  62  5:49  Marine  
  64  5:52  SCV, Orbital Command  
  64  5:54  SCV  
  65  5:58  Supply Depot  
  65  5:59  Supply Depot  
  65  6:04  SCV  
  65  6:10  Marine  
  65  6:12  Siege Tank  
  65  6:13  SCV, Orbital Command  
  65  6:17  SCV  
  70  6:19  Marine  
  70  6:20  Barracks Tech Lab  
  70  6:21  Barracks Reactor, Barracks Tech Lab  
  70  6:22  Barracks Reactor  
  70  6:23  Engineering Bay  
  70  6:24  Armory  
  70  6:25  SCV  
  72  6:26  Medivac  
  72  6:28  Medivac  
  72  6:31  SCV  
  77  6:37  SCV  
  78  6:40  SCV  
  78  6:43  SCV  
  82  6:49  SCV, Combat Shields  
  82  6:50  Stimpack  
  82  6:52  Siege Tank, SCV  
  85  6:55  Refinery, SCV  
  85  6:56  Refinery  
  85  6:57  Medivac  
  89  7:01  SCV  
  89  7:04  Marine x2, SCV  
  89  7:06  Sensor Tower  
  89  7:08  SCV  
  93  7:13  SCV  
  93  7:14  Marine x3  
  97  7:16  SCV  
  97  7:17  Sensor Tower  
  97  7:18  Marine x2  
  97  7:20  SCV  
  97  7:22  Terran Infantry Armor Level 1  
  101  7:39  Marine  
  101  7:41  SCV  
  101  8:05  Marine  
  101  8:06  Marine  
  101  8:11  Terran Infantry Weapons Level 2  
  101  8:12  SCV, Terran Vehicle Weapons Level 1  
  101  8:13  SCV  
  101  8:16  Marine, Barracks  
  101  8:17  Barracks x2  
  101  8:18  Supply Depot x3  
  99  8:39  Marine x7, Marauder  
  99  8:40  Medivac x2, Siege Tank  
  114  8:57  Marine x3  
  114  8:59  Factory  
  114  9:01  Marine x5  
  114  9:02  Supply Depot  
  122  9:03  Supply Depot x2  
  122  9:05  Supply Depot  
  122  9:06  Supply Depot  
  78  9:10  Medivac  
  125  9:11  Missile Turret  
  125  9:12  Siege Tank  
  125  9:14  Barracks Reactor x2  
  125  9:15  Barracks Reactor, Marine x3  
  130  9:18  Marine  
  131  9:29  Marine x2  
  133  9:44  Command Center, Marine, Siege Tank  
  133  9:45  Marine x4  
  138  9:48  Factory Tech Lab  
  138  10:04  Marine  
  138  10:05  Marine x5  
  138  10:06  Marine x5  
  149  10:07  Siege Tank  
  152  10:16  Marine, Siege Tank  
  152  10:18  Medivac x2  
  160  10:27  Missile Turret  
  156  10:30  Missile Turret  
  156  10:31  Marine  
  156  10:33  Marine  
  157  10:42  Marine  
  143  10:43  Marine x5  
  143  10:45  Marine  
  143  10:46  Marine  
  143  10:49  Marine  
Show
View Real Time Build Order
Export as new Build Order

Clem Terran - Winner!

Build Orders: Reaper Expand, Bio Tank 

Get SALT Encoding   

  12  0:01  SCV  
  13  0:13  SCV  
  14  0:18  Supply Depot  
  14  0:26  SCV  
  15  0:40  SCV  
  15  0:41  Barracks  
  16  0:46  Refinery  
  16  0:52  SCV  
  17  1:04  SCV  
  18  1:16  SCV  
  19  1:28  Orbital Command  
  19  1:33  Reaper  
  20  1:42  Command Center  
  20  1:51  Supply Depot  
  20  1:54  SCV  
  21  2:05  Barracks Reactor  
  21  2:06  SCV  
  22  2:19  SCV  
  23  2:28  Factory  
  23  2:31  SCV  
  23  2:32  Refinery  
  24  2:43  SCV  
  25  2:44  Marine x2  
  27  2:54  Orbital Command  
  27  2:55  SCV  
  28  3:02  Marine x2  
  30  3:07  SCV  
  31  3:15  Factory Reactor  
  31  3:17  Starport  
  31  3:18  Factory Tech Lab  
  31  3:19  SCV  
  31  3:20  Marine x2  
  31  3:22  SCV  
  31  3:27  Supply Depot  
  34  3:31  SCV  
  35  3:34  SCV  
  35  3:38  Marine x2  
  38  3:43  SCV  
  38  3:45  Factory Tech Lab  
  38  3:46  SCV  
  40  3:49  Supply Depot  
  40  3:55  Supply Depot, Marine x2, SCV  
  40  3:58  SCV  
  44  4:07  Raven, SCV  
  47  4:10  SCV  
  47  4:13  Marine x2  
  50  4:20  SCV  
  50  4:22  Supply Depot, SCV  
  52  4:24  Command Center  
  52  4:29  Cyclone  
  55  4:31  Marine x2  
  55  4:32  SCV  
  55  4:34  Supply Depot  
  58  4:38  Refinery  
  58  4:39  SCV  
  59  4:49  SCV  
  59  4:51  SCV  
  61  4:58  Starport Reactor  
  61  5:01  Barracks, SCV  
  61  5:02  Engineering Bay, Barracks  
  61  5:04  Supply Depot, Marine  
  61  5:06  Stimpack  
  63  5:10  SCV  
  64  5:16  SCV  
  59  5:22  Marine, SCV  
  60  5:28  SCV  
  60  5:33  Refinery  
  60  5:35  SCV  
  62  5:37  Orbital Command  
  62  5:40  Marine, Siege Tank  
  62  5:41  Terran Infantry Weapons Level 1  
  66  5:44  SCV  
  66  5:45  Starport Reactor  
  66  5:47  SCV  
  68  5:51  Supply Depot  
  68  5:53  Supply Depot  
  68  5:54  Marine x2  
  68  5:56  SCV  
  71  5:58  Marine  
  71  5:59  SCV  
  71  6:02  Marine  
  71  6:03  Supply Depot  
  74  6:04  Marine  
  74  6:09  SCV  
  76  6:11  Marine, Orbital Command  
  76  6:12  Marine, SCV  
  76  6:16  Marine  
  80  6:18  Siege Tank  
  80  6:20  Marine  
  80  6:22  Marine  
  80  6:23  Medivac x2  
  89  6:28  Barracks  
  89  6:29  Marine x2  
  89  6:31  Barracks  
  91  6:34  SCV  
  91  6:39  SCV x2  
  94  6:42  Supply Depot, Marine x3  
  94  6:44  Supply Depot  
  97  6:47  Marine x2  
  97  6:53  SCV x2  
  101  6:54  Missile Turret x2  
  101  6:56  SCV  
  102  7:03  Missile Turret  
  102  7:05  SCV  
  102  7:06  Missile Turret  
  102  7:07  Combat Shields  
  103  7:09  Medivac x2  
  103  7:12  Sensor Tower  
  107  7:16  SCV  
  107  7:19  SCV  
  107  7:20  Marine x4  
  113  7:24  Barracks Reactor x2, Siege Tank  
  113  7:27  SCV  
  113  7:28  SCV  
  118  7:31  Marine  
  118  7:36  SCV  
  120  7:38  Marine x4  
  120  7:39  SCV  
  125  7:46  Medivac  
  125  7:49  Marine  
  128  7:53  Supply Depot  
  128  7:55  Factory, Refinery x2  
  128  7:56  Marine x4, Siege Tank  
  135  7:59  SCV x3  
  135  8:03  Marine x2  
  135  8:04  Marine x2  
  141  8:07  Marine  
  134  8:13  Marine  
  134  8:14  Marine x2  
  134  8:17  Marine  
  134  8:18  Medivac x2  
  142  8:21  Marine x2, SCV x2  
  142  8:22  Marine x2, Terran Infantry Armor Level 1  
  142  8:23  SCV  
  142  8:24  Marine  
  150  8:31  Marine x2  
  150  8:32  Marine  
  150  8:33  SCV  
  145  8:44  Marine x6  
  145  8:46  Siege Tank, Factory Tech Lab  
  154  8:49  Marine x2  
  154  8:51  Supply Depot  
  154  8:52  Supply Depot, Barracks  
  154  8:54  Barracks  
  156  9:12  Medivac x2  
  156  9:16  Marine  
  161  9:18  Siege Tank  
  161  9:22  Siege Tank  
  161  9:24  Command Center  
  167  9:29  Supply Depot x2  
  165  9:31  Marine x5  
  165  9:32  Supply Depot, Marine x3, Armory  
  165  9:33  Engineering Bay  
  165  9:36  Marine  
  172  9:49  Marine  
  172  9:50  Medivac x2, Siege Tank  
  180  9:54  Siege Tank  
  183  10:05  Supply Depot, Marine x5  
  188  10:20  Medivac x2  
  192  10:22  Siege Tank  
  194  10:39  Missile Turret  
  194  10:40  Missile Turret x2  
Tags
 
Add a new tag
Caveats
  • Supply blocks, unpowered buildings, or Contaminate may cause inaccurate times.
  • Supply counts are checked every 10 seconds.